NWL (28 & UNDER)
MOOSE JAW GHOSTBUSTERS @ RED DEER WRANGLERS
04/29/2023
 
TOP OF THE 1ST
Moose Jaw Ghostbusters batting - Pitching for Red Deer Wranglers : LHP Takayuki Ine
Pitching: LHP Takayuki Ine
Batting: LHB Dave Stewart 0-0: Foul Ball, location: 2F
0-1: Fly out, F9 (Flyball, 9D)
Batting: LHB Bartolo Villanueva 0-0: Foul Ball, location: 2F
0-1: Foul Ball, location: 2F
0-2: Ball
1-2: Ball
2-2: Strikes out swinging
Batting: RHB Paco Hernández 0-0: Fly out, F8 (Line Drive, 8RD)
Top of the 1st over - 0 run(s), 0 hit(s), 0 error(s), 0 left on base; Moose Jaw 0 - Red Deer 0
BOTTOM OF THE 1ST
Red Deer Wranglers batting - Pitching for Moose Jaw Ghostbusters : RHP Chandler Lindsey
Pitching: RHP Chandler Lindsey
Batting: LHB Enrico Vargas 0-0: Ball
1-0: Swinging Strike
1-1: DOUBLE (Groundball, 5D)
Batting: SHB José López 0-0: Called Strike
0-1: Ball
1-1: Ball
2-1: Foul Ball, location: 2F
2-2: Ball
3-2: Base on Balls
Batting: RHB Mike Wilcox 0-0: Grounds into double play, 6-4-3 (Groundball, 6)
Enrico Vargas to third
Batting: RHB Orlando Núñes 0-0: Ball
1-0: Called Strike
1-1: SINGLE (Groundball, 4MD)
Enrico Vargas scores
Batting: RHB Mario Sánchez 0-0: Ball
1-0: Ball
2-0: Called Strike
2-1: Ball
3-1: Base on Balls
Orlando Núñes to second
Batting: LHB Ron Mayes 0-0: Foul Ball, location: 2F
0-1: Ball
1-1: Ball
2-1: Ground out 3-1 (Groundball, 3)
Bottom of the 1st over - 1 run(s), 2 hit(s), 0 error(s), 2 left on base; Moose Jaw 0 - Red Deer 1
TOP OF THE 2ND
Moose Jaw Ghostbusters batting - Pitching for Red Deer Wranglers : LHP Takayuki Ine
Batting: RHB Luis Miguel Sánchez 0-0: Swinging Strike
0-1: Called Strike
0-2: Ball
1-2: Foul Ball, location: 2F
1-2: Strikes out swinging
Batting: LHB Will Vale 0-0: Ball
1-0: Swinging Strike
1-1: Ball
2-1: Ball
3-1: SINGLE (Groundball, 34D) (infield hit)
Batting: RHB John Major 0-0: Called Strike
0-1: Ball
1-1: Called Strike
Pickoff Throw to First - Out!
1-2: Foul Ball, location: 2F
1-2: Ground out 4-3 (Groundball, 4M)
Top of the 2nd over - 0 run(s), 1 hit(s), 0 error(s), 0 left on base; Moose Jaw 0 - Red Deer 1
BOTTOM OF THE 2ND
Red Deer Wranglers batting - Pitching for Moose Jaw Ghostbusters : RHP Chandler Lindsey
Batting: RHB Todd Bryant 0-0: Swinging Strike
0-1: Ball
1-1: Ball
2-1: Called Strike
2-2: Ball
3-2: Base on Balls
Batting: RHB John McDonald 0-0: Foul Ball, location: 2F
0-1: Foul Ball, location: 2F
0-2: Fly out, F6 (Popup, 4MS)
Batting: RHB Carlos Peña 0-0: Ball
1-0: Swinging Strike
1-1: Ball
2-1: Called Strike
2-2: Ball
3-2: Foul Ball, location: 2F
3-2: Fly out, F8 (Flyball, 8LM)
3-2: Fly out, F8 (Flyball, 8LM)
Batting: LHB Enrico Vargas 0-0: Ball
Throwing error on steal attempt, E2
Todd Bryant to third
1-0: Called Strike
1-1: SINGLE (Line Drive, 4D)
Todd Bryant scores
Batting: SHB José López 0-0: Called Strike
0-1: Ball
1-1: Ball
2-1: Called Strike
Pickoff Throw to First - Error! E1
Enrico Vargas to second
2-2: Ground out 4-3 (Groundball, 4)
Bottom of the 2nd over - 1 run(s), 1 hit(s), 2 error(s), 1 left on base; Moose Jaw 0 - Red Deer 2
TOP OF THE 3RD
Moose Jaw Ghostbusters batting - Pitching for Red Deer Wranglers : LHP Takayuki Ine
Batting: RHB Domingo Matos 0-0: SINGLE (Line Drive, 7S)
Batting: RHB Alberto Sandoval 0-0: Called Strike
0-1: Grounds into double play, 6-4-3 (Groundball, 6)
Batting: LHB Carlos López 0-0: Called Strike
0-1: Ball
1-1: Called Strike
1-2: Ball
2-2: Foul Ball, location: 2F
2-2: Strikes out swinging
Top of the 3rd over - 0 run(s), 1 hit(s), 0 error(s), 0 left on base; Moose Jaw 0 - Red Deer 2
BOTTOM OF THE 3RD
Red Deer Wranglers batting - Pitching for Moose Jaw Ghostbusters : RHP Chandler Lindsey
Batting: RHB Mike Wilcox 0-0: Called Strike
0-1: Swinging Strike
0-2: Ball
1-2: Ball
2-2: Ball
3-2: Base on Balls
Batting: RHB Orlando Núñes 0-0: Fly out, F4 (Line Drive, 4)
0-0: Lined into DP, 4-3 (Line Drive, 4)
Batting: RHB Mario Sánchez 0-0: Ball
1-0: Fly out, F9 (Flyball, 89D)
Bottom of the 3rd over - 0 run(s), 0 hit(s), 0 error(s), 0 left on base; Moose Jaw 0 - Red Deer 2
TOP OF THE 4TH
Moose Jaw Ghostbusters batting - Pitching for Red Deer Wranglers : LHP Takayuki Ine
Batting: LHB Dave Stewart 0-0: Called Strike
0-1: Called Strike
0-2: Strikes out swinging
Batting: LHB Bartolo Villanueva 0-0: Called Strike
0-1: Ball
1-1: Called Strike
1-2: Strikes out swinging
Batting: RHB Paco Hernández 0-0: Ball
1-0: Swinging Strike
1-1: Ball
2-1: Ball
3-1: Base on Balls
Batting: RHB Luis Miguel Sánchez 0-0: Swinging Strike
0-1: Ball
1-1: Fly out, F8 (Flyball, 8RXD)
Top of the 4th over - 0 run(s), 0 hit(s), 0 error(s), 1 left on base; Moose Jaw 0 - Red Deer 2
BOTTOM OF THE 4TH
Red Deer Wranglers batting - Pitching for Moose Jaw Ghostbusters : RHP Chandler Lindsey
Batting: LHB Ron Mayes 0-0: Ball
1-0: Fly out, F5 (Popup, 5S)
Batting: RHB Todd Bryant 0-0: Ball
1-0: Foul Ball, location: 2F
1-1: Foul Ball, location: 2F
1-2: Ball
2-2: SINGLE (Flyball, 89S)
Batting: RHB John McDonald 0-0: Ball
1-0: Foul Ball, location: 2F
1-1: Ball
2-1: Swinging Strike
2-2: Ball
3-2: Foul Ball, location: 2F
3-2: Strikes out swinging
Batting: RHB Carlos Peña 0-0: Fly out, F7 (Line Drive, 78M)
Bottom of the 4th over - 0 run(s), 1 hit(s), 0 error(s), 1 left on base; Moose Jaw 0 - Red Deer 2
TOP OF THE 5TH
Moose Jaw Ghostbusters batting - Pitching for Red Deer Wranglers : LHP Takayuki Ine
Batting: LHB Will Vale 0-0: Ball
1-0: Ball
2-0: SINGLE (Groundball, 34D)
Batting: RHB John Major 0-0: Swinging Strike
0-1: Foul Ball, location: 2F
0-2: Strikes out looking
Batting: RHB Domingo Matos 0-0: Foul Ball, location: 2F
0-1: Hit by Pitch
Will Vale to second
Batting: RHB Alberto Sandoval 0-0: Ball
1-0: Ball
2-0: DOUBLE (Line Drive, 8RS)
Will Vale scores
Domingo Matos to third
Batting: LHB Carlos López 0-0: Ball
1-0: Ball
2-0: Ball
3-0: Called Strike
3-1: Base on Balls
Batting: LHB Dave Stewart 0-0: Swinging Strike
0-1: Ball
1-1: Fly out, F9 (Flyball, 89M)
Runner from 3rd tags up, SCORES, no throw
Batting: LHB Bartolo Villanueva 0-0: Fly out, F7 (Flyball, 78M)
Top of the 5th over - 2 run(s), 2 hit(s), 0 error(s), 2 left on base; Moose Jaw 2 - Red Deer 2
BOTTOM OF THE 5TH
Red Deer Wranglers batting - Pitching for Moose Jaw Ghostbusters : RHP Chandler Lindsey
Batting: LHB Enrico Vargas 0-0: Ball
1-0: Called Strike
1-1: Called Strike
1-2: Foul Ball, location: 2F
1-2: Strikes out swinging
Batting: SHB José López 0-0: Ball
1-0: SOLO HOME RUN (Flyball, 9D), Distance : 344 ft
Batting: RHB Mike Wilcox 0-0: Ball
1-0: Foul Ball, location: 2F
1-1: Ball
2-1: Ball
3-1: SINGLE (Line Drive, 5)
Batting: RHB Orlando Núñes 0-0: Ball
1-0: Ground out 4-3 (Groundball, 4S)
Mike Wilcox to second
Batting: RHB Mario Sánchez 0-0: Ball
1-0: Called Strike
1-1: Swinging Strike
1-2: Ball
2-2: Ball
3-2: Base on Balls
Batting: LHB Ron Mayes 0-0: Ball
1-0: Ball
2-0: Ball
3-0: Foul Ball, location: 2F
3-1: Base on Balls
Mike Wilcox to third
Mario Sánchez to second
Pitching: RHP Andrés Rivera
Batting: RHB Todd Bryant 0-0: SINGLE (Line Drive, 89S)
Mike Wilcox scores
Mario Sánchez to third
Ron Mayes to second
Runner from 3rd tries for Home, SAFE, no throw or cutoff
Batting: RHB John McDonald 0-0: Ball
1-0: Called Strike
1-1: Foul Ball, location: 2F
1-2: Ground out 4-3 (Groundball, 4)
Bottom of the 5th over - 3 run(s), 3 hit(s), 0 error(s), 2 left on base; Moose Jaw 2 - Red Deer 5
TOP OF THE 6TH
Moose Jaw Ghostbusters batting - Pitching for Red Deer Wranglers : LHP Takayuki Ine
Batting: RHB Paco Hernández 0-0: Ground out 1-3 (Groundball, 15)
Batting: RHB Luis Miguel Sánchez 0-0: Ground out 5-3 (Groundball, 5)
Batting: LHB Will Vale 0-0: Called Strike
0-1: Ball
1-1: Fly out, F7 (Flyball, 7M)
Top of the 6th over - 0 run(s), 0 hit(s), 0 error(s), 0 left on base; Moose Jaw 2 - Red Deer 5
BOTTOM OF THE 6TH
Red Deer Wranglers batting - Pitching for Moose Jaw Ghostbusters : RHP Andrés Rivera
Batting: RHB Carlos Peña 0-0: Foul Ball, location: 2F
0-1: Foul Ball, location: 2F
0-2: Ball
1-2: Strikes out swinging
Batting: LHB Enrico Vargas 0-0: Called Strike
0-1: Called Strike
0-2: Ball
1-2: Foul Ball, location: 2F
1-2: Ball
2-2: Fly out, F8 (Flyball, 8RS)
Batting: SHB José López 0-0: Called Strike
0-1: Foul Ball, location: 2F
0-2: Foul Ball, location: 2F
0-2: Ground out 4-3 (Groundball, 4)
Bottom of the 6th over - 0 run(s), 0 hit(s), 0 error(s), 0 left on base; Moose Jaw 2 - Red Deer 5
TOP OF THE 7TH
Moose Jaw Ghostbusters batting - Pitching for Red Deer Wranglers : LHP Takayuki Ine
Batting: RHB John Major 0-0: Called Strike
0-1: DOUBLE (Line Drive, 7LD)
Batting: RHB Domingo Matos 0-0: Called Strike
0-1: Swinging Strike
0-2: Foul Ball, location: 2F
0-2: Ball
1-2: Ball
2-2: Ball
3-2: Fly out, F9 (Flyball, 9LM)
Batting: RHB Alberto Sandoval 0-0: Fly out, F6 (Line Drive, 6)
0-0: Lined into DP, 6-4 (Line Drive, 6)
Top of the 7th over - 0 run(s), 1 hit(s), 0 error(s), 0 left on base; Moose Jaw 2 - Red Deer 5
BOTTOM OF THE 7TH
Red Deer Wranglers batting - Pitching for Moose Jaw Ghostbusters : RHP Andrés Rivera
Batting: RHB Mike Wilcox 0-0: Foul Ball, location: 2F
0-1: Ball
1-1: Foul Ball, location: 2F
1-2: Strikes out looking
Batting: RHB Orlando Núñes 0-0: Called Strike
0-1: Ball
1-1: Swinging Strike
1-2: Strikes out swinging
Batting: RHB Mario Sánchez 0-0: DOUBLE (Line Drive, 5L)
Batting: LHB Ron Mayes 0-0: Foul Ball, location: 2F
0-1: Ball
1-1: Ground out 2-3 (Groundball, 13S)
Bottom of the 7th over - 0 run(s), 1 hit(s), 0 error(s), 1 left on base; Moose Jaw 2 - Red Deer 5
TOP OF THE 8TH
Moose Jaw Ghostbusters batting - Pitching for Red Deer Wranglers : LHP Takayuki Ine
Batting: LHB Carlos López 0-0: Ball
1-0: Fly out, F8 (Flyball, 8LM)
Batting: LHB Dave Stewart 0-0: Ball
1-0: SINGLE (Groundball, 34D)
Batting: LHB Bartolo Villanueva 0-0: DOUBLE (Flyball, 7LS)
Dave Stewart to third
Batting: RHB Paco Hernández 0-0: Called Strike
0-1: Foul Ball, location: 2F
0-2: Ball
1-2: Strikes out swinging
Batting: RHB Luis Miguel Sánchez 0-0: Called Strike
0-1: Ball
1-1: Ball
2-1: Ball
3-1: Base on Balls
Pitching: RHP Jeffery Lockhart
Batting: LHB Will Vale 0-0: Ball
1-0: DOUBLE (Line Drive, 7LM)
Dave Stewart scores
Bartolo Villanueva scores
Luis Miguel Sánchez to third
Pitching: RHP Pedro Leal
Batting: RHB John Major 0-0: SINGLE (Groundball, 6M)
Luis Miguel Sánchez scores
Will Vale to third
Runner from 3rd tries for Home, SAFE, no throw or cutoff
Batting: RHB Domingo Matos 0-0: Called Strike
0-1: Foul Ball, location: 2F
0-2: Hit by Pitch
John Major to second
Batting: RHB Alberto Sandoval 0-0: Called Strike
0-1: 3-RUN HOME RUN (Flyball, 78XD), Distance : 415 ft
Pitching: RHP Douglas Louch
Batting: LHB Carlos López 0-0: Ball
1-0: Ball
2-0: Ball
3-0: Called Strike
3-1: Called Strike
3-2: Strikes out swinging, 2-3 out at first.
Top of the 8th over - 7 run(s), 5 hit(s), 0 error(s), 0 left on base; Moose Jaw 9 - Red Deer 5
BOTTOM OF THE 8TH
Red Deer Wranglers batting - Pitching for Moose Jaw Ghostbusters : RHP Andrés Rivera
Pitching: RHP Raúl Saltines
Batting: RHB Todd Bryant 0-0: Ball
1-0: Fly out, F9 (Flyball, 9LMF)
Batting: RHB John McDonald 0-0: Ground out 5-3 (Groundball, 56)
Batting: RHB Carlos Peña 0-0: Called Strike
0-1: Called Strike
0-2: Strikes out swinging
Bottom of the 8th over - 0 run(s), 0 hit(s), 0 error(s), 0 left on base; Moose Jaw 9 - Red Deer 5
TOP OF THE 9TH
Moose Jaw Ghostbusters batting - Pitching for Red Deer Wranglers : RHP Douglas Louch
Batting: LHB Dave Stewart 0-0: Called Strike
0-1: Ball
1-1: Foul Ball, location: 2F
1-2: Strikes out swinging
Batting: LHB Bartolo Villanueva 0-0: Fly out, F9 (Line Drive, 89M)
Batting: RHB Paco Hernández 0-0: Ball
1-0: Ball
2-0: Ground out 5-3 (Groundball, 5)
Top of the 9th over - 0 run(s), 0 hit(s), 0 error(s), 0 left on base; Moose Jaw 9 - Red Deer 5
BOTTOM OF THE 9TH
Red Deer Wranglers batting - Pitching for Moose Jaw Ghostbusters : RHP Raúl Saltines
Batting: LHB Enrico Vargas 0-0: Called Strike
0-1: Ground out 4-3 (Groundball, 4)
Batting: SHB José López 0-0: Called Strike
0-1: Ball
1-1: Ball
2-1: Called Strike
2-2: Foul Ball, location: 2F
2-2: Ball
3-2: DOUBLE (Line Drive, 8LD)
Batting: RHB Mike Wilcox 0-0: Ball
1-0: Called Strike
1-1: Ball
2-1: Swinging Strike
2-2: Strikes out swinging
Batting: RHB Orlando Núñes 0-0: Called Strike
0-1: Ball
1-1: Ground out 5-3 (Groundball, 56)
Bottom of the 9th over - 0 run(s), 1 hit(s), 0 error(s), 1 left on base; Moose Jaw 9 - Red Deer 5
This league is powered by Out of the Park Baseball, the baseball management simulation game for PC, Mac and Linux
Wednesday, December 2nd, 2015 - OOTP Baseball 16.8 Build 38